 Dungeon Crawl Stone Soup version 0.22-a0-514-g96ba041d05 (webtiles) character file.

3803 Zneb the Bludgeoner (level 9, -3/71 HPs)
             Began as a Minotaur Berserker on June 11, 2018.
             Was a Priest of Trog.
             Slain by a hornet (10 damage)
             ... on level 8 of the Dungeon on June 19, 2018.
             The game lasted 02:03:37 (11921 turns).

Zneb the Bludgeoner (Minotaur Berserker)           Turns: 11921, Time: 02:03:42

Health: -3/71      AC:  9    Str: 24    XL:     9   Next: 96%
Magic:  0/17       EV: 12    Int:  4    God:    Trog [***...]
Gold:   403        SH:  0    Dex: 11    Spells: 8/8 levels left

rFire    + . .     SeeInvis .   c - +0 war axe (chop)
rCold    x . .     Gourm    .   (no shield)
rNeg     . . .     Faith    .   N - +2 robe {MR+}
rPois    .         Spirit   +   P - +2 hat
rElec    .         Reflect  .   f - scarf {Spirit}
rCorr    +         Harm     .   (no gloves)
MR       +....                  j - +2 pair of boots
Stlth    +.........             (no amulet)
HPRegen  0.21/turn              W - ring "Ranaxaoq" {rCorr rF+ rC- MP+9}
MPRegen  0.15/turn              (no ring)

@: slowed, very slow
A: retaliatory headbutt, horns 2
a: Berserk, Trog's Hand, Renounce Religion


You were on level 8 of the Dungeon.
You worshipped Trog.
Trog was most pleased with you.
You were near starving.

You visited 2 branches of the dungeon, and saw 9 of its levels.

You collected 403 gold pieces.

Inventory:

Hand Weapons
 a - a +0 mace
 c - a +0 war axe of chopping (weapon)
 y - a +4 spear
 D - a +0 flail
 G - a -1 dagger
 M - a +2 halberd of pain
 Z - a +0 quarterstaff
Missiles
 e - 8 javelins (quivered)
 i - 332 stones
 o - 95 bolts
 L - 33 poisoned needles
Armour
 b - a +0 pair of gloves
 f - a scarf of spirit shield (worn)
 j - a +2 pair of boots (worn)
 k - a +0 leather armour
 N - a +2 robe of magic resistance (worn)
 P - a +2 hat (worn)
 Q - the +1 scale mail of Ufiffa {rF+ Str+3}
   (You found it on level 5 of the Dungeon)

   It affects your strength (+3).
   It protects you from fire.
Jewellery
 T - a cursed ring of loudness {unknown}
 W - the ring "Ranaxaoq" (left hand) {rCorr rF+ rC- MP+9}
   (You found it on level 6 of the Dungeon)

   [ring of resist corrosion]

   It protects you from fire.
   It makes you vulnerable to cold.
   It affects your magic capacity (+9).
Wands
 C - a wand of iceblast (3)
Scrolls
 d - 3 scrolls of teleportation
 g - 2 scrolls of remove curse
 l - 3 scrolls of identify
 s - a scroll of random uselessness {unknown}
 t - 2 scrolls of fear
 u - a scroll of blinking {unknown}
 x - a scroll of magic mapping
 B - 2 scrolls of amnesia
 S - a scroll of enchant weapon {unknown}
 X - a scroll of enchant armour
Potions
 m - a potion of heal wounds {unknown}
 p - a potion of curing
 r - a potion of might
 v - a potion of agility
 J - 2 potions of lignification
 K - 2 potions of haste
 R - a potion of magic {unknown}
 U - a potion of mutation {unknown}
 V - a potion of resistance {unknown}
 Y - a potion of flight {unknown}
Comestibles
 z - 2 rations


   Skills:
 + Level 3.9 Fighting
 + Level 16.1 Maces & Flails
 + Level 0.4 Throwing
 - Level 2.4 Armour
 - Level 2.2 Dodging
 * Level 0.3 Spellcasting


You had 8 spell levels left.
You didn't know any spells.
Your spell library contained the following spells:

 Spells                   Type           Power        Failure   Level  Hunger
 Magic Dart               Conj           #...         50%         1    ##.....
 Apportation              Tloc           #.....       50%         1    ##.....
 Conjure Flame            Conj/Fire      #.......     86%         3    ####...
 Slow                     Hex            #.......     63%         2    ###....
 Mephitic Cloud           Conj/Pois/Air  #.......     86%         3    ####...
 Summon Small Mammal      Summ           #...         50%         1    ##.....
 Blink                    Tloc           N/A          63%         2    ###....
 Animate Skeleton         Necr           N/A          50%         1    ##.....
 Call Imp                 Summ           #.......     63%         2    ###....
 Confusing Touch          Hex            #.....       50%         1    ##.....


Dungeon Overview and Level Annotations

Branches:
Dungeon (8/15)             Temple (1/1) D:4
   Lair: D:8-11

Altars:
Ashenzari
Cheibriados
Dithmenos
Elyvilon
Fedhas
Gozag
Hepliaklqana
Kikubaaqudgha
Makhleb
Nemelex Xobeh
Okawaru
Qazlal
Ru
Sif Muna
Trog
Uskayaw
Vehumet
Wu Jian
Xom
Yredelemnul
Zin
The Shining One

Shops:
D:7 }

Annotations:
D:7 exclusion: statue


Innate Abilities, Weirdness & Mutations

You reflexively headbutt those who attack you in melee.
You have a pair of horns on your head.


Message History

The hornet is heavily wounded.
You slash the hound!
You kill the hound!
Trog accepts your kill.
You feel sick. The hornet stings you!
* * * LOW HITPOINT WARNING * * *
You are more poisoned.
You feel as though you will be slow longer.
The hornet stings you!
* * * LOW HITPOINT WARNING * * *
You feel as though you will be slow longer.
You feel better. The hornet completely misses you.
The hornet stings you but does no damage.
You slash the hornet!
The hornet is severely wounded.
The hornet stings you!
* * * LOW HITPOINT WARNING * * *
You feel as though you will be slow longer.
The hornet stings you!
You die...

#............#
#............#
#............# ..
#............# ...
#............# ...
#............#....
#(...........#....
#.................
#@...........#####
#...y)..........#####
#.....#######>.......
#.....# #.#######
#.....# #.# #.....#
#.. #.....# ###
#.....#


You could see a hornet.

Vanquished Creatures
  The ghost of NoiZ the Cleaver, a novice MiFi (D:7)
  Pikel (D:6)
  Joseph (D:7)
  An ice beast (D:5)
  A slave (D:7)
  A sky beast (D:6)
  3 phantoms
  5 ogres
  A centaur (D:8)
  Blork the orc (D:4)
  12 killer bees
  4 howler monkeys
  A bullfrog zombie (D:5)
  A centaur zombie (D:6)
  2 jellies
  A bullfrog skeleton (D:5)
  3 hounds
  3 orc wizards
  Natasha (thrice) (D:2)
  2 iguanas
  5 worker ants
  A hound zombie (D:8)
  A hound skeleton (D:5)
  4 gnolls (D:4)
  8 adders
  An ooze (D:4)
  A worm (D:2)
  4 dart slugs
  6 leopard geckos
  11 orcs
  A ball python (D:3)
  6 bats
  A giant cockroach (D:6)
  7 goblins
  9 hobgoblins
  7 jackals
  A quokka (D:5)
  8 frilled lizards
  A jackal zombie (D:7)
  6 kobolds
  A leopard gecko skeleton (D:4)
  4 rats
142 creatures vanquished.

Notes
Turn   | Place    | Note
-------+----------+-------------------------------------------
     0 | D:1      | Zneb the Minotaur Berserker began the quest for the Orb.
     0 | D:1      | Reached XP level 1. HP: 19/19 MP: 0/0
   166 | D:1      | Reached skill level 4 in Maces & Flails
   308 | D:1      | Reached XP level 2. HP: 27/27 MP: 1/1
  1587 | D:2      | Reached skill level 5 in Maces & Flails
  1626 | D:2      | Upgraded the game from 0.22-a0-469-gf26638a71f to 0.22-a0-475-g101988f953
  1646 | D:2      | Noticed Natasha
  1651 | D:2      | Killed Natasha
  1651 | D:2      | Reached XP level 3. HP: 24/33 MP: 2/2
  1874 | D:2      | Noticed Natasha
  1879 | D:2      | Killed Natasha
  1879 | D:2      | Reached skill level 6 in Maces & Flails
  1879 | D:2      | Reached XP level 4. HP: 31/40 MP: 3/3
  1911 | D:2      | Noticed Natasha
  1917 | D:2      | Killed Natasha
  3012 | D:3      | Reached XP level 5. HP: 45/46 MP: 4/4
  3054 | D:3      | Reached skill level 7 in Maces & Flails
  3062 | D:3      | Reached ** piety under Trog
  3975 | D:4      | Reached skill level 8 in Maces & Flails
  4275 | D:4      | Reached XP level 6. HP: 52/52 MP: 5/5
  4483 | D:4      | Noticed Blork the orc
  4491 | D:4      | Killed Blork the orc
  4625 | D:4      | Found a staircase to the Ecumenical Temple.
  4955 | D:4      | Reached skill level 9 in Maces & Flails
  5165 | D:4      | Reached XP level 7. HP: 58/58 MP: 6/6
  5659 | Temple   | Entered the Ecumenical Temple
  5766 | D:5      | Entered Level 5 of the Dungeon
  5805 | D:5      | Reached skill level 10 in Maces & Flails
  6576 | D:5      | Got a pitted scale mail
  6777 | D:5      | Reached skill level 11 in Maces & Flails
  6809 | D:5      | Reached *** piety under Trog
  6834 | D:5      | Reached XP level 8. HP: 63/66 MP: 5/7
  7087 | D:5      | Identified the cursed +1 scale mail of Ufiffa {rF+ Str+3} (You found it on level 5 of the Dungeon)
  7635 | D:6      | Reached skill level 12 in Maces & Flails
  7884 | D:6      | Got a transparent marble ring
  8461 | D:7      | Noticed Joseph
  8583 | D:7      | Noticed Pikel
  8662 | D:7      | Noticed NoiZ's ghost (novice MiFi)
  8691 | D:7      | Upgraded the game from 0.22-a0-475-g101988f953 to 0.22-a0-512-g0943f25562
  8950 | D:7      | Killed Joseph
  8950 | D:7      | Reached skill level 13 in Maces & Flails
  9271 | D:7      | Upgraded the game from 0.22-a0-512-g0943f25562 to 0.22-a0-514-g96ba041d05
  9593 | D:7      | Reached XP level 9. HP: 70/71 MP: 8/8
  9998 | D:7      | Found Taeklaq's Gadget Shop.
 10022 | D:7      | Identified the ring "Ranaxaoq" {rCorr rF+ rC- MP+9} (You found it on level 6 of the Dungeon)
 10037 | D:7      | Reached skill level 14 in Maces & Flails
 10111 | D:7      | Found a radiant altar of Vehumet.
 10358 | D:7      | Killed NoiZ's ghost
 10758 | D:6      | Killed Pikel
 10758 | D:6      | Reached skill level 15 in Maces & Flails
 11648 | D:8      | Reached skill level 16 in Maces & Flails
 11910 | D:8      | Paralysed by a hornet for 3 turns
 11915 | D:8      | Paralysed by a hornet for 1 turns
 11921 | D:8      | Slain by a hornet

Vault maps used:
D:1:      minmay_arrival_split_and_join
D:2:      first_ration, minmay_misc_feat_five, minmay_tetromino_l2, uniq_natasha
D:3:      corexii_corridor_pit
D:4:      temple_doors_e, hangedman_decor_push, uniq_blork_the_orc
D:5:      cheibrodos_barr_body
D:7:      vehumet_statue, serial_shops, kennysheep_little_box, eino_jars,
          uniq_joseph, uniq_pikel
D:8:      grunt_livestock
Temple:   grunt_wide_crystal_templ

Skill      XL: |  1  2  3  4  5  6  7  8  9 |
---------------+----------------------------+-----
Maces & Flails | 4 5 6 8 9 11 13 16 | 16.1
Fighting       | |  3.9
Throwing       | |  0.4
Armour         | |  2.4
Dodging        | |  2.2
Spellcasting   | |  0.3

Action                   |  1- 3 |  4- 6 |  7- 9 || total
-------------------------+-------+-------+-------++-------
Melee: Mace              |    51 |   115 |    15 ||   181
       Headbutt          |     4 |    16 |    49 ||    69
       Flail             |       |       |   238 ||   238
       War axe           |       |       |    11 ||    11
Throw: Javelin           |       |    17 |    27 ||    44
Evoke: Wand              |       |     2 |     5 ||     7
  Use: Scroll            |     1 |     3 |    10 ||    14
       Potion            |       |       |     8 ||     8
  Eat: Ration            |     1 |       |     4 ||     5
       Chunk             |       |    10 |     5 ||    15
Armor: Animal skin       |     5 |       |       ||     5
       Leather armour    |     4 |    27 |       ||    31
       Robe              |     1 |       |    77 ||    78
       Scale mail        |       |     9 |     4 ||    13
Dodge: Dodged            |    31 |    69 |   150 ||   250

Table legend:
 A = Spawn XP
 B = Non-spawn XP
 C = Spawn XP percentage of total XP
 D = Spawn monster count
 E = Non-spawn monster count
 F = Spawn count percentage of total count
 G = Total turns spent on level
                    A         B        C        D         E        F      G
               +---------+---------+-------+---------+---------+-------+---------
         Total |       0 |    5433 |   0.0 |       0 |     141 |   0.0 | 11921
               +---------+---------+-------+---------+---------+-------+---------
           D:1 |       0 |      27 |   0.0 |       0 |      16 |   0.0 |  1392
           D:2 |       0 |     154 |   0.0 |       0 |      18 |   0.0 |  1506
           D:3 |       0 |     126 |   0.0 |       0 |      27 |   0.0 |  1166
           D:4 |       0 |     531 |   0.0 |       0 |      16 |   0.0 |  1623
           D:5 |       0 |     639 |   0.0 |       0 |      18 |   0.0 |  1361
           D:6 |       0 |    1042 |   0.0 |       0 |       9 |   0.0 |  1369
           D:7 |       0 |    1872 |   0.0 |       0 |      19 |   0.0 |  2484
           D:8 |       0 |    1042 |   0.0 |       0 |      18 |   0.0 |   941
               +---------+---------+-------+---------+---------+-------+---------
